AoeStats
← HenryDxebec

Arena

509799347Analyzed
4v4 RM · 4d ago on Sep 28, 2026· 50m 8s· 8 players
Game mode
Random Map
Map size
Large (8 player)
Population
200
Speed
Normal
Resources
Standard
Victory
Conquest
Starting age
Dark Age
Ending age
Imperial Age
RankedLock teamsTeams togetherTeam positionsShared explorationLock speedFull tech treeHidden civsTurbo modeCheats
Victory
Defeat
🇩🇴 Danes · Dominican Republic
788
+16
🇨🇱 Teutons · Chile
772
+17
🇧🇷 Celts · Brazil
771
+17
🇨🇴 Muisca · Colombia
717
+18
🇲🇽 Khmer · Mexico
813
-18
🇲🇽 Spanish · Mexico
789
-17
🇲🇽 Hindustanis · Mexico
777
-17
danielalejandrocrco
0:43 Loom
9:59 Feudal Age
12:11 Wheelbarrow
17:08 Castle Age
15:13 Stone Mining
16:18 Fletching
16:57 Double-Bit Axe
26:31 Redemption
27:40 Atonement
29:07 Fervor
41:22 Hand Cart
41:50 Sanctity
43:03 Bow Saw
42:33 Horse Collar
43:11 Forging
42:56 Bodkin Arrow
47:00 Devotion
47:36 Gold Mining
47:47 Heavy Plow
HenryDxebec
10:30 Feudal Age
11:15 Horse Collar
11:21 Double-Bit Axe
12:11 Gold Mining
18:14 Castle Age
17:07 Stone Mining
20:51 Stone Shaft Mining
21:44 Wheelbarrow
25:25 Heavy Plow
26:06 Hand Cart
28:41 Padded Archer Armor
31:39 Leather Archer Armor
36:22 Imperial Age
33:26 Pikeman
34:07 Squires
33:53 Arson
34:26 Gambesons
34:53 Forging
34:44 Scale Mail Armor
34:34 Fletching
35:08 Heated Shot
35:39 Ballistics
35:30 Scale Barding Armor
35:14 Town Watch
35:54 Ironclad
37:13 Iron Casting
36:53 Chain Mail Armor
36:12 Elite Skirmisher
38:13 Chemistry
37:26 Bow Saw
37:54 Crop Rotation
38:19 Ring Archer Armor
38:29 Elite Teutonic Knight
39:32 Crenellations
39:33 Conscription
38:36 Halberdier
40:34 Two-Man Saw
43:12 Heavy Scorpion
43:37 Heavy Scorpion
46:25 Blast Furnace
45:56 Plate Mail Armor
45:46 Chain Barding Armor
45:22 Bodkin Arrow
Mandark39
9:51 Loom
11:38 Feudal Age
17:19 Castle Age
20:57 Wheelbarrow
25:35 Horse Collar
26:28 Squires
28:42 Heavy Plow
34:18 Imperial Age
31:34 Town Watch
32:01 Scale Mail Armor
32:11 Forging
31:52 Fletching
35:48 Conscription
36:03 Hoardings
35:25 Double-Bit Axe
37:29 Masonry
36:46 Elite Jomsviking
38:20 Ballistics
38:44 Chain Mail Armor
39:05 Iron Casting
40:24 Chemistry
40:13 Arson
41:05 Plate Mail Armor
40:09 Hamask
41:43 Onager
42:56 Caravan
43:55 Bow Saw
45:08 Blast Furnace
47:42 Northmen's Fury
48:50 Siege Onager
49:12 Elite Varangian Guard
49:39 Gambesons
infolutz
12:46 Feudal Age
19:28 Castle Age
17:41 Horse Collar
18:29 Double-Bit Axe
23:59 Elite Skirmisher
24:09 Pikeman
28:40 Padded Archer Armor
28:40 Scale Mail Armor
32:00 Heavy Plow
32:43 Wheelbarrow
33:09 Town Watch
37:46 Imperial Age
36:22 Chain Mail Armor
37:05 Hand Cart
37:06 Bow Saw
36:48 Loom
37:04 Town Patrol
37:20 Caravan
37:52 Capped Ram
38:37 Siege Ram
39:47 Heavy Scorpion
41:26 Furor Celtica
46:55 Husbandry
46:16 Cavalier
49:36 Leather Archer Armor
49:51 Plate Mail Armor
49:32 Forging
49:13 Fletching
49:28 Scale Barding Armor
50:28 Chemistry
49:49 Ballistics
49:27 Murder Holes
49:38 Siege Engineers
49:27 Stronghold
49:39 Paladin
49:39 Light Cavalry
Cronos6667550
8:12 Loom
10:46 Feudal Age
11:52 Double-Bit Axe
13:17 Gold Mining
13:10 Horse Collar
18:26 Castle Age
18:47 Stone Mining
20:15 Heavy Plow
20:28 Bow Saw
23:37 Gold Shaft Mining
23:40 Stone Shaft Mining
26:12 Wheelbarrow
25:59 Scale Barding Armor
28:09 Forging
28:20 Chain Barding Armor
33:34 Imperial Age
33:17 Iron Casting
33:39 Husbandry
33:53 Bloodlines
34:36 Hand Cart
36:14 Blast Furnace
35:50 Plate Barding Armor
35:47 Heavy Camel Rider
38:38 Fletching
38:49 Padded Archer Armor
JCHANTR3S
12:07 Feudal Age
15:26 Wheelbarrow
14:41 Double-Bit Axe
14:44 Horse Collar
17:31 Castle Age
19:43 Stone Mining
20:46 Bow Saw
23:04 Hand Cart
25:47 Stone Mining
26:38 Gold Mining
27:23 Stone Shaft Mining
27:56 Gold Shaft Mining
27:41 Scale Mail Armor
27:24 Man-at-Arms
29:43 Heavy Plow
30:01 Town Watch
30:29 Scale Barding Armor
33:13 Imperial Age
30:32 Loom
31:51 Ballistics
34:54 Tusk Swords
35:15 Capped Ram
36:13 Siege Ram
37:53 Elite Ballista Elephant
40:16 Chemistry
39:12 Murder Holes
42:25 Fortified Wall
42:09 Cavalier
46:29 Long Swordsman
46:30 Pikeman
47:53 Town Patrol
PACOsoviet
12:57 Feudal Age
14:55 Man-at-Arms
15:31 Double-Bit Axe
15:29 Horse Collar
21:41 Castle Age
27:47 Heavy Plow
29:25 Pikeman
31:12 Bow Saw
38:33 Imperial Age
38:38 Elite Conquistador
39:17 Capped Ram
我是厨子不是愚公,只会做饭不会易大山
1:35 Loom
12:05 Feudal Age
14:05 Double-Bit Axe
15:57 Wheelbarrow
16:41 Horse Collar
17:44 Forging
17:40 Scale Barding Armor
24:00 Fletching
28:00 Castle Age
26:55 Gold Mining
27:00 Stone Mining
32:17 Fortified Wall
31:48 Treadmill Crane
32:22 Bow Saw
33:51 Masonry
34:04 Bodkin Arrow
36:57 Gold Shaft Mining
38:33 Heavy Plow
38:40 Padded Archer Armor
42:57 Imperial Age
40:51 Hand Cart
44:16 Conscription
44:01 Bracer
44:16 Leather Archer Armor
44:35 Bombard Tower
44:35 Ballistics
47:15 Two-Man Saw
49:13 Architecture
Connection lost

Rejoining the realm…

Still unreachable

The connection could not be restored.

Session expired

The server has moved on; the page needs a fresh start.